Map: Multiprocessor LE

Players

LVHicks

  • Race: Terran Terran
  • Spawn Location: 6:00

UCLNikitaS

  • Race: Terran Terran
  • Spawn Location: 5:00

UCLNSaph

  • Race: Protoss Protoss
  • Spawn Location: 5:00

pudding

  • Race: Zerg Zerg
  • Spawn Location: 3:00

MooEsqoo

  • Race: Protoss Protoss
  • Spawn Location: 9:00

Gerri

  • Race: Terran Terran
  • Spawn Location: 11:00

bomber

  • Race: Protoss Protoss
  • Spawn Location: 12:00

ViciousDav

  • Race: Terran Terran
  • Spawn Location: 9:00

VOD

Have the link to the VOD?

Description

Time

  • Played on: Nov. 30, 2019, 3:19 p.m.
  • Length: 19:20
Show
View Real Time Build Order
Export as new Build Order

LVHicks Terran 

Build Orders:  

Get SALT Encoding   

  12  0:02  SCV  
  13  0:26  Supply Depot  
  13  0:37  Supply Depot  
  13  0:38  SCV  
  14  0:50  SCV  
  14  0:52  Supply Depot  
  15  1:00  Supply Depot  
  15  1:02  SCV  
  16  1:14  SCV  
  16  1:17  Engineering Bay  
  17  1:26  SCV  
  18  1:38  SCV  
  19  1:50  SCV  
  20  2:03  SCV  
  20  2:07  Barracks  
  21  2:12  Barracks  
  21  2:15  SCV  
  22  2:27  SCV  
  23  2:39  SCV  
  24  2:44  Command Center  
  25  2:51  SCV  
  25  2:57  Marine  
  26  3:00  Marine  
  27  3:13  Supply Depot  
  27  3:15  Supply Depot, Marine  
  27  3:18  Marine  
  29  3:33  Marine  
  30  3:36  Marine  
  31  3:51  Marine  
  31  3:53  Marine  
  33  4:09  Marine  
  34  4:10  Refinery  
  34  4:11  Marine  
  35  4:30  Marine x2  
  28  4:48  Marine x2  
  30  5:52  Command Center  
  30  5:58  Barracks Tech Lab  
  30  6:00  Barracks Reactor  
  30  6:38  Refinery  
  30  6:45  Marine  
  30  6:46  SCV, Marine x2  
  28  6:58  SCV  
  24  7:04  Marine  
  22  7:10  SCV  
  21  7:22  SCV  
  21  7:34  SCV  
  22  7:49  Supply Depot  
  22  7:50  SCV  
  23  8:02  SCV  
  24  8:14  SCV  
  24  8:18  Supply Depot  
  25  8:21  Supply Depot  
  25  8:23  Supply Depot  
  25  8:24  Supply Depot  
  25  8:26  Supply Depot  
  25  8:27  SCV  
  26  8:34  SCV  
  27  8:38  SCV  
  27  8:39  SCV  
  29  8:45  Refinery  
  29  8:46  SCV  
  30  8:50  SCV  
  30  8:51  Refinery, SCV  
  32  8:55  Refinery  
  32  8:58  SCV  
  32  9:02  SCV  
  34  9:03  SCV  
  35  9:10  SCV  
  35  9:13  Supply Depot  
  35  9:14  SCV  
  35  9:15  Supply Depot, SCV  
  35  9:16  Supply Depot x4  
  38  9:22  SCV  
  39  9:26  SCV  
  39  9:27  SCV  
  39  9:29  Barracks  
  41  9:34  SCV  
  41  9:36  Barracks  
  42  9:39  Supply Depot, SCV  
  42  9:41  Supply Depot  
  43  9:46  SCV  
  43  9:49  Supply Depot x2  
  43  9:50  Supply Depot  
  43  9:51  SCV  
  43  9:52  Supply Depot  
  45  9:58  Refinery  
  45  10:01  Refinery  
  45  10:03  SCV  
  46  10:13  Supply Depot  
  46  10:15  Supply Depot, SCV x2  
  48  10:27  SCV x2  
  50  10:32  Barracks Tech Lab  
  50  10:34  Barracks Reactor  
  50  10:39  SCV x2  
  50  10:42  Barracks  
  52  10:44  Barracks  
  52  10:51  SCV x2  
  54  11:03  SCV x2  
  56  11:15  Factory, SCV  
  56  11:16  SCV  
  58  11:27  SCV  
  58  11:28  SCV  
  61  11:40  Barracks Reactor x2, SCV  
  61  11:48  Engineering Bay  
  61  12:14  Starport  
  61  12:15  Starport x2  
  61  12:22  Missile Turret  
  61  12:25  Marine x7  
  68  12:33  Factory Tech Lab  
  68  12:36  Orbital Command  
  68  12:39  Orbital Command  
  68  12:43  Marine x7  
  75  12:53  Starport  
  75  13:00  Marine  
  75  13:01  Combat Shield, Marine x6  
  75  13:04  Terran Infantry Weapons Level 1  
  82  13:17  Starport Tech Lab x2  
  82  13:18  Starport Tech Lab, Marine  
  82  13:19  Marine x6  
  89  13:22  Missile Turret  
  89  13:31  Starport Tech Lab  
  89  13:36  Marine x2  
  89  13:37  Marine x5  
  89  13:38  Fusion Core  
  96  13:43  Missile Turret  
  96  13:47  Missile Turret x2  
  96  13:54  Marine x7  
  103  14:04  Missile Turret  
  103  14:12  Marine x7  
  110  14:20  Stimpack  
  110  14:28  Weapon Refit  
  110  14:29  Marine  
  110  14:30  Marine x6  
  117  14:31  Battlecruiser x2  
  117  14:32  Battlecruiser x2  
  141  14:48  Marine  
  142  14:58  Terran Infantry Armor Level 1  
  108  15:18  Marine x4  
  108  15:19  Marine x3  
  115  15:36  Battlecruiser x4, Marine x7  
  137  15:54  Marine x7  
  144  15:58  Missile Turret  
  144  15:59  Missile Turret  
  144  16:03  Missile Turret  
  144  16:11  Marine  
  144  16:12  Marine x6  
  151  16:30  Marine  
  152  16:36  Marine  
  152  16:37  Marine x5  
  158  16:40  Battlecruiser x2  
  170  16:48  Marine  
  170  16:51  Armory  
  170  16:52  Hi-Sec Auto Tracking  
  171  16:54  Marine  
  171  16:55  Marine x5  
  171  16:59  Missile Turret  
  177  17:05  Marine  
  177  17:12  Marine x5  
  177  17:13  Marine  
  170  17:23  Marine  
  171  17:30  Marine x6  
  142  17:41  Marine  
Show
View Real Time Build Order
Export as new Build Order

UCLNikitaS Terran 

Build Orders:  

Get SALT Encoding   

  12  0:21  SCV  
  13  0:33  SCV  
  14  0:41  Refinery  
  14  0:44  Refinery  
  14  0:45  Supply Depot  
  14  0:46  SCV  
  15  1:07  SCV  
  16  1:19  SCV  
  17  1:27  Barracks  
  17  1:31  SCV  
  18  1:43  SCV  
  19  2:07  SCV  
  20  2:17  Engineering Bay  
  20  2:19  SCV  
  21  2:38  SCV  
  22  2:47  Barracks Tech Lab  
  22  2:49  Factory  
  22  2:50  SCV  
  23  3:05  Hi-Sec Auto Tracking  
  23  3:12  Planetary Fortress  
  23  3:23  Supply Depot  
  23  3:46  Siege Tank  
  23  3:47  Supply Depot  
  26  4:02  Missile Turret  
  26  4:17  SCV  
  26  4:18  Siege Tank  
  29  4:51  Supply Depot  
  29  4:57  Siege Tank  
  32  5:12  Command Center  
  32  5:15  Supply Depot  
  31  6:19  Refinery  
  31  6:24  Refinery  
  29  6:40  Command Center  
  29  6:47  Refinery  
  29  6:49  Planetary Fortress  
  29  7:18  Siege Tank  
  29  7:22  SCV  
  33  7:34  SCV  
  34  7:46  SCV  
  34  7:48  SCV  
  36  7:51  Siege Tank  
  39  7:59  SCV  
  39  8:00  SCV  
  41  8:10  SCV  
  41  8:11  SCV  
  43  8:12  SCV  
  43  8:15  Refinery  
  44  8:22  SCV  
  45  8:34  SCV  
  46  8:46  SCV  
  47  8:48  Starport  
  47  8:51  Starport  
  47  8:52  SCV  
  48  8:58  SCV  
  49  9:04  Missile Turret, SCV  
  50  9:10  SCV  
  50  9:11  Refinery  
  50  9:16  SCV  
  52  9:23  SCV  
  53  9:24  Missile Turret  
  53  9:26  Starport Tech Lab  
  53  9:33  Starport Tech Lab  
  53  9:34  Fusion Core  
  53  9:36  Armory  
  53  9:50  Supply Depot  
  53  10:12  SCV  
  54  10:14  SCV  
  55  10:22  Weapon Refit  
  55  10:24  Battlecruiser  
  61  10:31  Terran Ship Weapons Level 1  
  61  10:37  Supply Depot  
  61  10:59  SCV x3  
  61  11:00  Supply Depot  
  64  11:11  SCV x2  
  64  11:14  Starport  
  66  11:18  Armory  
  66  11:22  Battlecruiser  
  66  11:23  Supply Depot, SCV  
  73  11:45  Battlecruiser  
  73  11:46  Supply Depot  
  79  11:58  Starport Tech Lab  
  79  12:09  Terran Vehicle And Ship Armor Level 1  
  79  12:23  Battlecruiser  
  79  12:26  Battlecruiser  
  85  12:56  Terran Ship Weapons Level 2  
  85  13:09  Barracks  
  85  13:30  Command Center  
  85  14:12  Supply Depot  
  85  14:28  Terran Vehicle And Ship Armor Level 2  
  85  14:33  Battlecruiser, SCV  
  85  14:34  Supply Depot  
  92  14:42  Battlecruiser x2  
  105  14:45  SCV  
  105  14:57  SCV  
  106  15:01  Supply Depot  
  106  15:16  Refinery  
  106  15:24  Factory, Supply Depot  
  106  15:36  Refinery  
  106  15:38  Battlecruiser  
  112  15:46  Battlecruiser  
  118  15:50  Terran Ship Weapons Level 3  
  118  15:52  Battlecruiser  
  124  16:16  Starport  
  124  16:20  Factory Tech Lab  
  124  16:29  Supply Depot  
  124  16:42  Battlecruiser  
  130  16:51  Battlecruiser  
  130  16:52  Supply Depot  
  136  17:13  Battlecruiser  
  142  17:25  Battlecruiser  
  143  18:00  Battlecruiser  
Show
View Real Time Build Order
Export as new Build Order

UCLNSaph Protoss 

Build Orders: Carriers, Dark Templar Rush 

Get SALT Encoding   

  12  0:02  Probe  
  13  0:15  Probe (Chrono Boost)  
  14  0:24  Probe (Chrono Boost)  
  15  0:32  Assimilator  
  15  0:36  Pylon  
  15  0:41  Assimilator  
  15  0:54  Probe  
  16  1:06  Probe (Chrono Boost)  
  16  1:08  Gateway  
  17  1:18  Probe (Chrono Boost)  
  18  1:27  Probe (Chrono Boost)  
  19  1:33  Probe  
  20  1:45  Probe  
  21  1:57  Probe  
  22  2:09  Probe  
  22  2:14  Nexus  
  23  2:26  Cybernetics Core  
  23  2:42  Pylon  
  23  2:59  Warp Gate (Chrono Boost)  
  23  3:03  Twilight Council  
  23  3:25  Gateway  
  23  3:27  Probe  
  24  3:31  Gateway  
  24  3:39  Probe  
  25  3:43  Dark Shrine  
  25  3:51  Gateway  
  25  3:52  Probe  
  26  4:02  Pylon  
  26  4:04  Probe  
  27  4:15  Assimilator  
  27  4:16  Probe  
  28  4:18  Assimilator  
  28  4:25  Probe  
  29  4:37  Probe  
  30  4:43  Probe  
  31  4:49  Probe  
  31  4:50  Shadow Stride (Chrono Boost)  
  32  4:53  Forge  
  32  4:55  Probe  
  33  5:00  Dark Templar  
  33  5:01  Probe, Dark Templar  
  33  5:04  Dark Templar  
  40  5:08  Probe  
  40  5:10  Dark Templar, Protoss Ground Weapons Level 1 (Chrono Boost)  
  40  5:13  Probe  
  44  5:20  Probe  
  45  5:32  Probe  
  45  5:33  Dark Templar  
  48  5:35  Dark Templar  
  50  5:44  Probe, Dark Templar  
  50  5:49  Pylon  
  53  5:57  Pylon  
  53  6:05  Gateway  
  53  6:08  Dark Templar  
  53  6:09  Dark Templar  
  57  6:34  Probe  
  57  6:37  Nexus  
  58  6:41  Dark Templar  
  58  6:46  Probe, Dark Templar  
  63  6:58  Probe  
  63  7:01  Protoss Ground Armor Level 1 (Chrono Boost)  
  59  8:21  Dark Templar x5  
  69  8:29  Gateway  
  69  8:34  Probe (Chrono Boost)  
  69  8:36  Gateway  
  69  8:40  Gateway  
  70  8:42  Gateway  
  70  8:45  Probe (Chrono Boost)  
  70  8:47  Assimilator  
  71  8:50  Probe (Chrono Boost)  
  71  8:52  Assimilator  
  71  8:54  Protoss Ground Weapons Level 2 (Chrono Boost)  
  72  8:56  Dark Templar  
  72  8:57  Dark Templar  
  72  8:59  Dark Templar  
  72  9:00  Dark Templar  
  72  9:01  Probe, Dark Templar  
  83  9:13  Probe  
  84  9:25  Probe  
  85  9:33  Pylon x2  
  85  9:35  Pylon  
  85  9:38  Pylon  
  47  10:51  Protoss Air Weapons Level 1 (Chrono Boost)  
  47  11:04  Protoss Ground Armor Level 2 (Chrono Boost)  
  47  11:08  Stargate x2  
  47  11:09  Stargate  
  47  11:42  Stargate  
  47  11:45  Nexus  
  47  11:54  Fleet Beacon  
  47  12:23  Protoss Air Armor Level 1 (Chrono Boost)  
  47  12:40  Carrier  
  47  12:41  Carrier x3  
  71  13:15  Stargate  
  71  13:16  Pylon  
  71  13:18  Pylon  
  71  13:43  Nexus  
  71  13:45  Carrier x4  
  95  14:01  Carrier  
  101  14:03  Protoss Air Weapons Level 2 (Chrono Boost)  
  101  14:29  Stargate  
  125  14:56  Carrier x4 (Chrono Boost)  
  131  15:12  Carrier (Chrono Boost)  
  131  15:14  Carrier (Chrono Boost)  
  137  15:28  Assimilator  
  137  15:32  Assimilator  
  146  16:00  Protoss Air Armor Level 2 (Chrono Boost), Carrier x2 (Chrono Boost)  
  146  16:01  Carrier (Chrono Boost)  
  146  16:16  Pylon  
  146  16:17  Pylon  
  146  16:19  Pylon  
  146  16:22  Pylon  
  146  16:24  Pylon, Carrier  
  146  16:25  Carrier  
  146  16:26  Pylon  
  158  16:46  Carrier  
  164  16:57  Carrier x2  
  161  18:02  Carrier  
Show
View Real Time Build Order
Export as new Build Order

pudding Zerg 

Build Orders: Pool First, Zergling Baneling 

Get SALT Encoding   

  12  0:02  Drone  
  13  0:12  Overlord  
  13  0:18  Drone  
  14  0:31  Drone x2  
  14  0:35  Drone  
  17  0:40  Extractor  
  16  0:45  Drone  
  17  0:54  Spawning Pool  
  17  0:56  Drone  
  17  1:18  Hatchery  
  16  1:42  Zergling x4  
  16  1:43  Zergling x2  
  21  1:48  Metabolic Boost  
  21  1:54  Queen  
  21  2:10  Baneling Nest  
  21  2:12  Overlord  
  20  2:18  Zergling x4  
  22  2:32  Zergling x4  
  24  2:39  Queen  
  26  2:51  Zergling x4  
  28  3:03  Zergling x4  
  28  3:04  Zergling x2  
  31  3:11  Overlord  
  31  3:27  Zergling x8  
  30  3:42  Zergling x6  
  32  3:50  Zergling x4  
  34  4:00  Drone x2  
  35  4:27  Baneling  
  35  4:28  Baneling x13  
  35  4:40  Drone x3  
  31  5:06  Drone x7  
  33  5:33  Spore Crawler  
  30  5:41  Queen  
  32  5:49  Hatchery  
  31  5:50  Drone x6  
  37  6:04  Drone x4  
  37  6:08  Queen  
  43  6:16  Drone  
  44  6:18  Overlord  
  44  6:33  Overlord x2  
  44  6:37  Spore Crawler  
  43  6:43  Zergling x2  
  43  6:44  Zergling x6  
  47  6:52  Overlord  
  47  6:58  Zergling x2  
  47  6:59  Zergling x10  
  53  7:11  Baneling x2  
  53  7:12  Lair  
  53  7:15  Queen  
  53  7:18  Zergling x10  
  53  7:22  Baneling x2  
  60  7:23  Baneling x4  
  54  7:38  Drone  
  54  7:39  Drone x4  
  54  7:42  Extractor  
  58  7:47  Extractor  
  58  7:50  Drone  
  58  7:51  Extractor, Drone x3  
  61  7:56  Queen  
  61  7:57  Drone x4  
  61  7:58  Drone x4  
  70  8:16  Spire  
  69  8:30  Drone x2, Spore Crawler x2  
  69  8:31  Drone x8  
  69  8:32  Drone x2  
  69  8:34  Centrifical Hooks  
  79  8:42  Drone x2  
  79  8:43  Overlord  
  81  9:10  Overlord x2, Extractor  
  81  9:11  Extractor  
  81  9:15  Overlord x3  
  81  9:16  Drone x7  
  81  9:17  Drone x2  
  88  9:29  Spore Crawler  
  87  9:37  Corruptor x2  
  87  9:38  Corruptor x5  
  101  9:49  Drone x4  
  101  9:50  Drone x3  
  108  10:20  Corruptor  
  108  10:21  Corruptor x6  
  122  10:32  Overlord x2  
  122  10:55  Infestation Pit  
  121  10:57  Hatchery  
  120  11:05  Evolution Chamber  
  120  11:07  Evolution Chamber  
  120  11:09  Hatchery  
  120  11:10  Spore Crawler  
  116  11:31  Overlord x2  
  116  11:32  Overlord  
  112  12:00  Zergling x8  
  112  12:01  Zergling x46  
  130  12:05  Baneling  
  130  12:06  Baneling x10  
  139  12:11  Zerg Melee Weapons Level 1, Zerg Ground Armor Level 1  
  139  12:20  Zergling x12  
  139  12:21  Zergling x8  
  149  12:24  Baneling x3  
  149  12:25  Baneling x8  
  119  13:01  Drone x5  
  119  13:02  Overlord x4, Drone  
  115  13:25  Infestation Pit, Zergling x8  
  115  13:26  Zergling x14  
  125  13:45  Extractor  
  125  13:48  Extractor  
  123  13:50  Drone x5  
  123  13:51  Drone x4  
  132  13:59  Hatchery x2  
  130  14:07  Zerg Melee Weapons Level 2, Zerg Ground Armor Level 2  
  130  14:09  Hive  
  130  14:13  Baneling x4  
  130  14:14  Baneling x8  
  130  14:15  Baneling x7  
  109  15:16  Corruptor  
  109  15:17  Corruptor x19  
  149  15:29  Adrenal Glands  
  149  15:30  Greater Spire  
  129  16:09  Zergling x2  
  129  16:10  Zergling x34  
  129  16:11  Zergling x10  
  147  17:21  Baneling x5  
  147  17:23  Baneling x6  
  147  17:24  Baneling x8  
  147  17:25  Baneling x7  
Show
View Real Time Build Order
Export as new Build Order

MooEsqoo Protoss 

Build Orders: 1 Gate Expand, Oracle Opening, Carriers 

Get SALT Encoding   

  12  0:02  Probe  
  13  0:15  Pylon  
  13  0:18  Probe  
  14  0:34  Gateway  
  14  0:35  Probe  
  15  0:47  Probe (Chrono Boost)  
  15  0:48  Assimilator  
  17  0:58  Probe (Chrono Boost)  
  17  1:03  Probe (Chrono Boost)  
  18  1:13  Probe  
  19  1:39  Nexus  
  19  1:44  Assimilator  
  19  1:49  Cybernetics Core  
  19  1:51  Pylon  
  19  1:55  Probe  
  20  2:15  Probe  
  21  2:22  Stalker (Chrono Boost)  
  21  2:26  Warp Gate  
  21  2:29  Probe (Chrono Boost)  
  24  2:41  Probe (Chrono Boost)  
  25  2:49  Probe (Chrono Boost)  
  26  2:53  Probe (Chrono Boost), Stalker  
  26  2:55  Probe  
  30  2:59  Stargate  
  30  3:03  Probe  
  31  3:09  Probe  
  31  3:10  Pylon  
  32  3:15  Probe  
  33  3:21  Probe  
  33  3:25  Sentry, Gateway  
  29  3:45  Probe  
  29  3:46  Probe  
  28  3:52  Oracle (Chrono Boost)  
  28  3:53  Stalker  
  32  3:57  Probe  
  32  4:10  Gateway  
  32  4:44  Nexus  
  32  4:45  Pylon  
  32  4:54  Pylon  
  32  4:56  Pylon  
  32  4:58  Pylon  
  32  5:04  Probe  
  33  5:11  Shield Battery  
  33  5:14  Shield Battery  
  33  5:18  Assimilator  
  33  5:21  Probe  
  33  5:22  Assimilator  
  30  5:40  Probe  
  31  5:52  Probe  
  31  5:57  Probe  
  33  6:00  Stalker  
  33  6:04  Sentry, Probe  
  37  6:09  Probe  
  39  6:16  Probe  
  40  6:18  Stalker  
  40  6:21  Probe (Chrono Boost)  
  40  6:23  Pylon  
  43  6:29  Probe (Chrono Boost)  
  45  6:33  Probe (Chrono Boost)  
  45  6:38  Probe (Chrono Boost)  
  46  6:40  Probe (Chrono Boost)  
  46  6:43  Probe (Chrono Boost)  
  48  6:47  Probe, Stalker  
  48  6:49  Stalker  
  53  6:54  Stalker  
  55  7:02  Robotics Facility  
  55  7:07  Void Ray (Chrono Boost)  
  55  7:15  Probe (Chrono Boost)  
  61  7:16  Probe (Chrono Boost)  
  61  7:27  Probe (Chrono Boost)  
  61  7:28  Probe (Chrono Boost)  
  45  8:07  Stalker x3  
  51  8:19  Nexus  
  51  8:21  Observer (Chrono Boost)  
  52  8:30  Oracle  
  55  8:34  Observer (Chrono Boost)  
  56  8:54  Immortal  
  60  9:11  Void Ray (Chrono Boost)  
  64  9:25  Stalker  
  64  9:26  Stalker x2  
  71  9:31  Probe  
  71  9:37  Probe  
  72  9:43  Probe  
  73  9:49  Fleet Beacon, Probe  
  74  10:07  Probe x2  
  76  10:19  Probe  
  76  10:20  Probe  
  77  10:32  Probe x2  
  77  10:34  Immortal (Chrono Boost)  
  83  10:44  Probe x2  
  83  10:46  Stargate  
  83  10:49  Pylon  
  85  10:51  Pylon  
  85  11:04  Carrier (Chrono Boost)  
  91  11:30  Nexus  
  91  11:31  Pylon  
  91  12:00  Probe x2  
  93  12:12  Probe x2  
  95  12:19  Stalker  
  95  12:20  Stalker x2  
  107  12:23  Carrier (Chrono Boost)  
  107  12:41  Carrier (Chrono Boost)  
  63  13:12  Stalker  
  63  13:13  Stalker x2  
  69  13:29  Stargate  
  69  13:30  Stargate, Carrier (Chrono Boost)  
  75  13:37  Shield Battery  
  75  13:40  Shield Battery  
  75  13:41  Shield Battery  
  75  13:44  Probe x3  
  78  13:53  Assimilator  
  78  13:56  Probe x3  
  78  13:58  Assimilator  
  81  14:11  Probe  
  81  14:12  Probe x2  
  88  14:22  Carrier (Chrono Boost)  
  88  14:23  Probe  
  88  14:24  Probe x2, Carrier (Chrono Boost)  
  95  14:36  Probe  
  95  14:38  Sentry, Stalker  
  98  14:39  Sentry  
  102  14:53  Carrier (Chrono Boost)  
  108  15:01  Carrier (Chrono Boost)  
  108  15:22  Stalker x3  
  114  15:45  Carrier (Chrono Boost)  
  120  15:58  Pylon  
  120  15:59  Pylon  
  120  16:01  Pylon  
  120  16:13  Carrier (Chrono Boost)  
  120  16:15  Carrier (Chrono Boost)  
  132  16:24  Protoss Air Weapons Level 1 (Chrono Boost)  
  138  16:28  Carrier (Chrono Boost)  
  138  16:39  Carrier (Chrono Boost)  
  144  16:52  Stalker x2  
  148  17:00  Pylon x2  
  148  17:03  Pylon  
  148  17:05  Pylon  
  148  17:06  Pylon  
  148  17:26  Carrier (Chrono Boost)  
  148  17:27  Carrier (Chrono Boost)  
  160  17:57  Stalker x3  
  166  18:10  Carrier (Chrono Boost)  
  72  18:59  Stalker  
  72  19:00  Stalker x2  
Show
View Real Time Build Order
Export as new Build Order

Gerri Terran 

Build Orders: Command Center First (CC) 

Get SALT Encoding   

  12  0:02  SCV  
  13  0:15  SCV  
  14  0:28  SCV  
  15  0:30  Supply Depot  
  15  0:57  Command Center  
  15  1:04  SCV  
  16  1:14  Barracks  
  16  1:19  SCV  
  17  1:31  SCV  
  18  1:36  Supply Depot  
  18  1:43  SCV  
  19  1:55  SCV  
  19  2:00  Barracks  
  20  2:17  Supply Depot  
  20  2:19  Marine  
  20  2:21  SCV  
  22  2:23  SCV  
  23  2:34  Refinery, SCV  
  23  2:35  SCV  
  25  2:37  Refinery  
  25  2:46  SCV  
  25  2:48  SCV  
  27  2:58  SCV  
  27  2:59  Marine  
  27  3:00  SCV  
  29  3:06  Engineering Bay  
  29  3:12  SCV  
  30  3:14  SCV  
  30  3:24  SCV, Marine  
  32  3:29  Orbital Command  
  31  3:36  SCV  
  32  3:42  Marine, Barracks  
  32  3:48  SCV  
  34  4:00  SCV, Marine  
  36  4:06  Barracks  
  36  4:12  SCV  
  37  4:18  Marine  
  38  4:31  Marine  
  39  4:36  Marine  
  40  4:49  Marine  
  34  5:31  Marine x2  
  36  5:37  SCV  
  37  5:45  SCV  
  37  5:49  SCV  
  39  5:52  Supply Depot  
  39  5:54  Marine  
  40  5:57  SCV  
  40  6:01  SCV, Marine x2  
  44  6:13  SCV  
  44  6:14  SCV  
  46  6:21  Marine x2  
  46  6:22  Marine  
  46  6:25  SCV  
  50  6:26  SCV  
  50  6:29  Barracks  
  51  6:36  Refinery  
  51  6:37  SCV  
  51  6:38  SCV  
  51  6:39  Refinery, Marine  
  54  6:40  Factory  
  54  6:58  SCV x2  
  54  7:01  Barracks Tech Lab  
  56  7:09  Barracks Tech Lab  
  56  7:10  SCV  
  56  7:13  Barracks Reactor  
  57  7:15  Terran Infantry Weapons Level 1  
  57  7:23  SCV  
  42  7:35  SCV  
  43  7:40  Barracks Reactor  
  43  7:44  Barracks  
  43  7:47  SCV  
  43  7:50  Factory Tech Lab  
  44  7:51  Supply Depot  
  44  7:59  SCV  
  44  8:05  Marine x2  
  47  8:11  SCV  
  48  8:15  Supply Depot  
  48  8:16  Siege Tank  
  51  8:25  Orbital Command  
  51  8:37  Barracks  
  51  8:38  Supply Depot  
  51  8:40  Barracks Tech Lab  
  51  8:43  Marine x4  
  55  9:00  Combat Shield  
  55  9:01  Supply Depot  
  55  9:06  Marine x2, Marauder  
  55  9:07  Marine x2  
  61  9:24  Engineering Bay  
  61  9:27  Marauder  
  61  9:28  Barracks Tech Lab  
  63  9:34  Starport  
  63  9:37  Marine x4  
  67  9:40  Terran Infantry Armor Level 1  
  67  9:43  Siege Tank  
  70  9:48  Marauder  
  72  9:58  Armory  
  72  10:10  Marauder  
  71  10:28  Orbital Command  
  71  11:05  Starport Reactor  
  71  11:22  Barracks  
  71  11:23  Terran Infantry Weapons Level 2  
  71  11:24  Supply Depot  
  71  11:36  Terran Infantry Armor Level 2  
  71  11:39  SCV  
  72  11:55  Missile Turret  
  72  11:59  Missile Turret  
  72  12:02  Missile Turret  
  72  12:06  Missile Turret  
  72  12:10  Barracks Reactor  
  72  12:13  Barracks  
  72  12:18  Marine, Marauder  
  72  12:19  Marauder, Marine x3  
  80  12:31  Missile Turret  
  80  12:35  Missile Turret  
  80  12:36  Marine x3  
  82  12:38  Missile Turret  
  82  12:42  Missile Turret  
  83  12:46  Supply Depot, Medivac x2  
  87  13:06  Barracks Reactor  
  87  13:07  Marine x2, Marauder x2  
  87  13:08  Marine x4  
  97  13:16  Medivac x2  
  101  13:24  Stimpack  
  101  13:25  Concussive Shells  
  101  13:31  Barracks  
  101  13:38  Supply Depot  
  101  13:46  Medivac x2  
  101  13:47  Marauder x2  
  101  13:48  Marine x6  
  111  13:49  Marine x2  
  117  13:56  Terran Infantry Weapons Level 3  
  117  13:58  Terran Infantry Armor Level 3  
  117  14:05  Marine  
  117  14:06  Marine x4  
  117  14:09  Command Center  
  122  14:16  Medivac, Marine x3, Marauder x2  
  131  14:17  Missile Turret  
  131  14:21  Medivac  
  131  14:23  Marine x2  
  135  14:29  Supply Depot  
  135  14:32  Barracks Reactor, Barracks  
  135  14:40  Marine x3, Marauder x2  
  135  14:41  Marine x5  
  147  14:46  Medivac  
  147  14:50  Missile Turret  
  147  14:51  Medivac  
  151  14:58  Marine x3  
  151  14:59  Marine x4  
  105  15:13  Marine x4  
  105  15:14  Marine  
  103  15:16  Medivac, Marine x4  
  103  15:17  Marine x3  
  103  15:21  Medivac  
  114  15:22  Missile Turret  
  114  15:26  Missile Turret  
  114  15:27  SCV  
  115  15:31  Marine x2  
  115  15:32  Barracks Reactor, Marine x3  
  115  15:34  Marine x4  
  124  15:36  Marine  
  124  15:39  SCV  
  126  15:46  Medivac  
  128  15:51  Medivac  
  128  15:52  SCV  
  131  16:04  SCV  
  132  16:06  Refinery  
  132  16:10  Refinery  
  132  16:14  Missile Turret  
  132  16:16  Medivac, SCV  
  135  16:21  Medivac  
  137  16:28  Supply Depot  
  137  16:30  Supply Depot  
  137  16:36  Marauder x2, Marine x5  
  137  16:37  Marine x5  
  137  16:38  Marine  
  152  16:49  SCV  
  152  16:53  Marine  
  152  16:54  Marine x2  
  154  16:55  Marine  
  154  16:58  Marine  
  154  16:59  Marine  
  154  17:01  SCV  
  160  17:13  SCV  
  161  17:25  SCV  
  150  17:37  SCV  
  88  17:52  Marine x2  
  88  17:53  Marine x6  
  88  17:54  Marine x6  
  100  18:06  SCV  
  100  18:10  Marine x3  
  100  18:11  Medivac, Marine x6  
  100  18:12  Medivac, Marine  
  115  18:14  Marine  
  115  18:15  Marine x3  
  115  18:18  SCV  
  120  18:28  Marine  
  79  18:41  Medivac  
Show
View Real Time Build Order
Export as new Build Order

bomber Protoss 

Build Orders:  

Get SALT Encoding   

  12  0:03  Probe (Chrono Boost)  
  13  0:23  Pylon  
  13  0:26  Probe  
  14  0:41  Forge  
  14  0:52  Pylon  
  14  0:57  Pylon  
  14  1:01  Pylon  
  14  1:10  Pylon  
  14  1:18  Pylon  
  14  1:27  Assimilator  
  14  1:33  Assimilator  
  14  1:42  Pylon  
  14  1:49  Assimilator  
  14  2:02  Assimilator  
  14  2:08  Assimilator  
  14  2:16  Photon Cannon  
  14  2:30  Photon Cannon  
  14  2:41  Photon Cannon  
  14  2:48  Probe  
  15  3:04  Photon Cannon  
  15  3:13  Photon Cannon  
  15  3:26  Photon Cannon  
  15  3:41  Photon Cannon  
  15  3:46  Gateway  
  15  3:50  Probe (Chrono Boost)  
  16  4:08  Pylon  
  16  4:28  Photon Cannon  
  16  4:31  Photon Cannon  
  16  4:37  Photon Cannon  
  7  5:01  Photon Cannon  
  7  5:02  Photon Cannon  
  3  5:08  Photon Cannon  
  3  5:23  Probe  
  4  5:44  Pylon  
  4  5:48  Probe  
  5  6:05  Probe (Chrono Boost)  
  6  6:20  Probe (Chrono Boost)  
  6  6:42  Probe  
  7  6:49  Cybernetics Core  
  7  6:54  Probe, Assimilator  
  7  6:59  Assimilator  
  8  7:06  Probe (Chrono Boost)  
  9  7:18  Probe (Chrono Boost)  
  10  7:27  Probe (Chrono Boost)  
  11  7:32  Probe  
  12  7:52  Stalker (Chrono Boost)  
  12  7:54  Probe  
  15  8:06  Probe  
  16  8:19  Probe  
  17  8:29  Stalker (Chrono Boost)  
  17  8:31  Probe  
  20  8:43  Probe  
  21  8:55  Probe  
  22  9:04  Pylon  
  22  9:07  Probe  
  22  9:09  Stargate  
  23  9:20  Pylon  
  23  9:23  Probe  
  24  9:28  Protoss Shields Level 1  
  24  9:33  Stalker (Chrono Boost)  
  26  9:39  Probe  
  27  9:51  Probe  
  28  10:01  Void Ray  
  32  10:28  Photon Cannon  
  32  10:33  Photon Cannon  
  32  10:35  Pylon  
  32  10:48  Void Ray  
  36  11:07  Protoss Air Weapons Level 1  
  36  11:21  Fleet Beacon  
  36  11:27  Photon Cannon  
  36  13:11  Nexus  
  26  15:25  Carrier  
  32  16:27  Pylon  
  32  16:29  Carrier (Chrono Boost)  
  38  16:35  Assimilator  
  38  16:43  Assimilator  
  38  16:59  Photon Cannon  
  26  17:18  Stargate  
  26  17:22  Photon Cannon  
  26  17:28  Pylon  
  26  17:38  Carrier  
Show
View Real Time Build Order
Export as new Build Order

ViciousDav Terran 

Build Orders:  

Get SALT Encoding   

  12  0:01  SCV  
  13  0:13  SCV  
  14  0:25  SCV  
  15  0:29  Supply Depot  
  15  0:41  Supply Depot  
  15  0:50  SCV  
  15  0:51  Barracks  
  16  1:02  SCV  
  17  1:09  Barracks  
  17  1:14  SCV  
  18  1:27  SCV  
  19  1:38  Marine  
  20  1:41  Barracks  
  20  1:53  SCV  
  21  1:56  Marine  
  21  1:57  Supply Depot, Barracks  
  21  1:59  Marine  
  23  2:14  Marine  
  23  2:15  Supply Depot  
  24  2:16  Marine  
  25  2:30  Barracks  
  25  2:32  Marine  
  25  2:34  Orbital Command, Marine  
  27  2:48  Marine x2  
  27  2:50  Marine  
  30  2:52  Marine  
  31  3:06  Marine x2  
  31  3:07  Marine  
  31  3:10  Marine  
  35  3:21  Supply Depot  
  35  3:34  Marine x3  
  38  3:50  Marine  
  38  3:52  Marine x3  
  38  3:59  Marine  
  39  4:08  Marine  
  40  4:10  Marine x3  
  40  4:16  Marine  
  44  4:25  Marine  
  44  4:27  Marine  
  39  4:34  Command Center  
  35  4:52  Marine x3  
  36  4:53  Marine x2  
  40  5:06  SCV  
  41  5:10  Marine x3  
  41  5:11  Marine x2  
  46  5:18  SCV  
  47  5:28  Marine x5  
  45  5:30  SCV  
  50  5:41  Engineering Bay  
  50  5:42  SCV  
  51  5:44  Refinery  
  51  5:46  Marine x2  
  51  5:47  Refinery  
  53  5:53  Marine x3  
  53  5:54  SCV  
  57  5:58  SCV  
  57  6:03  Marine  
  57  6:04  Marine  
  59  6:06  SCV  
  59  6:10  SCV  
  59  6:11  Marine x3  
  64  6:14  Missile Turret  
  65  6:18  SCV  
  65  6:23  Missile Turret  
  65  6:24  SCV  
  67  6:27  Missile Turret  
  67  6:30  SCV  
  68  6:36  Missile Turret, SCV  
  69  6:43  SCV  
  68  6:48  SCV  
  68  6:49  Missile Turret  
  69  7:01  SCV  
  67  7:12  Marine x2  
  67  7:13  SCV  
  70  7:23  Marine x3  
  70  7:25  Supply Depot  
  66  7:30  Marine x2  
  43  7:40  Planetary Fortress  
  43  7:41  Marine x3  
  46  7:46  Missile Turret  
  46  7:53  Missile Turret  
  46  7:56  Missile Turret, Marine  
  47  7:59  Marine x3  
  50  8:09  Missile Turret  
  50  8:14  Marine  
  50  8:16  Marine x3  
  50  8:17  SCV  
  55  8:22  Missile Turret  
  55  8:25  Terran Infantry Armor Level 1  
  55  8:29  SCV  
  55  8:30  Missile Turret  
  56  8:35  Barracks Reactor  
  56  8:36  Barracks Reactor  
  56  8:38  Barracks Tech Lab  
  56  8:41  SCV  
  56  8:43  Barracks Reactor  
  56  8:45  Missile Turret  
  57  8:53  SCV  
  58  8:56  Marine  
  58  9:01  Barracks Tech Lab  
  59  9:07  Missile Turret  
  59  9:08  Missile Turret  
  59  9:14  Marine  
  60  9:19  Marine x3  
  60  9:20  Marine x4  
  67  9:27  Missile Turret  
  67  9:32  Marine  
  67  9:37  Marine x4  
  67  9:38  Missile Turret, Marine x2  
  74  9:48  Missile Turret  
  74  9:49  Marine  
  75  9:57  Marauder  
  75  9:58  Marine x2  
  75  9:59  Sensor Tower  
  79  10:00  Marine  
  79  10:03  Missile Turret  
  80  10:08  Marauder  
  82  10:15  Marine x2  
  82  10:16  Marine  
  82  10:19  Terran Infantry Weapons Level 1  
  83  10:35  Command Center  
  83  10:47  Missile Turret  
  83  10:48  Sensor Tower  
  83  10:49  Marine, Marauder  
  86  10:57  Supply Depot, Marauder, Marine  
  86  11:01  Supply Depot  
  89  11:04  Supply Depot  
  89  11:07  Refinery  
  89  11:08  Missile Turret  
  89  11:10  Marauder  
  91  11:12  Missile Turret  
  91  11:18  Concussive Shells  
  91  11:19  Marauder  
  91  11:22  Stimpack  
  93  11:28  Missile Turret  
  93  11:39  Marine x3  
  95  11:40  Marine  
  97  11:52  Missile Turret  
  97  11:58  Marine x4  
  97  11:59  Marine x4  
  97  12:00  Combat Shield  
  105  12:16  Marine  
  49  12:55  Marine x5  
  49  12:56  Marine x3  
  49  13:02  Missile Turret  
  49  13:05  Missile Turret  
  49  13:11  Missile Turret, Planetary Fortress  
  49  13:13  Marine x5  
  49  13:14  Marine x3  
  56  13:24  Missile Turret  
  56  13:25  Hi-Sec Auto Tracking  
  56  13:31  Marine x7  
  63  13:37  Missile Turret  
  63  13:43  Missile Turret  
  63  13:48  SCV  
  63  13:51  SCV  
  65  14:01  SCV  
  66  14:03  SCV  
  66  14:05  Missile Turret  
  67  14:13  SCV  
  68  14:22  Neosteel Armor  
  66  14:24  Marine x4  
  66  14:25  SCV, Marine  
  66  14:26  Reaper, Marauder x2  
  77  14:33  Supply Depot  
  77  14:37  SCV  
  77  14:47  Marauder x2  
  77  14:49  SCV  
  82  15:01  SCV  
  82  15:02  Reaper x2  
  82  15:03  Reaper x2, Marine x2  
  89  15:08  Marine x2  
  91  15:20  Marine  
  91  15:21  Marine  
  93  15:26  Marine x2  
  95  15:34  Marine x4  
  99  15:38  Marine x2  
  99  15:44  Marauder x2  
  68  15:52  Marine  
  65  15:59  Refinery  
  65  16:01  Marine  
  65  16:02  Marine x4  
  70  16:05  Marauder  
  70  16:06  Marauder  
  70  16:10  Missile Turret, Marine  
  75  16:19  Marine x2  
  75  16:20  Marine x3  
  80  16:26  Factory, Marine  
  80  16:27  Marine, Marauder  
  80  16:30  Factory  
  84  16:37  Marine x3  
  84  16:38  Marine x2  
  89  16:40  SCV  
  89  16:45  Marine, Marauder  
  93  16:48  Marine  
  93  16:52  SCV  
  95  16:55  Marine x4  
  95  16:56  Marine  
  100  17:13  Factory Tech Lab  
  100  17:15  Factory Tech Lab  
  99  17:52  Siege Tank x2  
  56  18:08  Marine x6  
  56  18:09  Marine x2  
  62  18:18  Missile Turret  
  62  18:21  Missile Turret  
  62  18:24  Siege Tank x2  
  62  18:25  Missile Turret  
  62  18:26  Missile Turret, Marine x7  
  62  18:27  Marine  
  75  18:37  Missile Turret  
  75  18:43  Marine  
  75  18:44  Marine x5  
  76  19:02  Marine  
Tags
 
Add a new tag
Caveats
  • Supply blocks, unpowered buildings, or Contaminate may cause inaccurate times.
  • Supply counts are checked every 10 seconds.